[Event "CZE Extraliga 2019-20"]
[Site "Czech Republic"]
[Date "2019.10.13"]
[Round "2"]
[White "Najer, Evgeniy"]
[Black "Kempinski, Robert"]
[Result "1-0"]
[ECO "D58"]
[WhiteElo "2635"]
[BlackElo "2578"]
[Annotator "RC"]
[PlyCount "131"]
[EventDate "2019.10.12"]
[EventType "team-tourn"]
[EventCountry "CZE"]
[SourceTitle "playchess.com"]
[Source "ChessBase"]
[SourceQuality "1"]
[WhiteTeam "Lysa nad Labem"]
[BlackTeam "Poruba"]
[TimeControl "40/5400+30:1800+30"]

1. d4 Nf6 2. c4 e6 3. Nc3 d5 4. cxd5 exd5 5. Bg5 Be7 6. e3 h6 7. Bh4 O-O 8. Bd3 b6 9. Nf3 Bb7 10. O-O Ne4 11. Bxe7 Qxe7 12. Rc1 Nd7 13. Qa4 c6 14. Rfd1 Rfe8 15. Be2 Nd6 16. Rd2 a5 17. Qd1 Rab8 18. Rdc2 Red8 19. Ne1 c5 20. dxc5 Nxc5 21. Nf3 Nde4 22. Nd4 Qf6 23. Bb5 Rd6 24. a3 Rbd8 25. Qe1 Qg5 26. b4 axb4 27. axb4 Ne6 28. Nce2 Nxd4 29. Nxd4 Rg6 30. f4 Qg4 31. Qe2 Qh3 32. Qf3 Qxf3 33. Nxf3 Nd6 34. Nd4 Nxb5 35. Nxb5 Ba6 36. Nd4 Bc4 37. Ra1 Rgd6 38. Rc3 R6d7 39. Kf2 Rc8 40. Rca3 Rdc7 41. g4 g6 42. Ra7 Bd3 43. Rxc7 Rxc7 44. Ke1 b5 45. Kd2 Bc4 46. h4 Kg7 47. Ra6 Bf1 48. Rb6 Rc4 49. f5 gxf5 50. Nxf5+ Kh7 51. Rxh6+ Kg8 52. g5 Rxb4 53. Rf6 Bh3 54. Ne7+ Kf8 55. Ng6+ Kg8 56. Nf4 Be6 57. h5 Re4 58. h6 d4 59. exd4 Rxd4+ 60. Ke3 Rd1 61. Nxe6 fxe6 62. g6 Rd8 63. Rf7 Rb8 64. Kf4 b4 65. h7+ Kh8 66. Kg5 1-0

[Event "CZE Extraliga 2019-20"]
[Site "Czech Republic"]
[Date "2019.10.13"]
[Round "2"]
[White "Krejci, Jan"]
[Black "Malik, Jan"]
[Result "1-0"]
[ECO "D46"]
[WhiteElo "2574"]
[BlackElo "2291"]
[Annotator "ChessBase"]
[PlyCount "81"]
[EventDate "2019.10.12"]
[EventType "team-tourn"]
[EventCountry "CZE"]
[SourceTitle "playchess.com"]
[Source "ChessBase"]
[SourceQuality "1"]
[WhiteTeam "Novoborsky"]
[BlackTeam "Ostrava"]
[TimeControl "40/5400+30:1800+30"]

1. c4 c6 2. Nf3 d5 3. e3 Nf6 4. Nc3 e6 5. d4 Nbd7 6. Qc2 Bd6 7. Bd3 dxc4 8. Bxc4 b5 9. Bd3 Bb7 10. O-O O-O 11. a3 Qe7 12. h3 h6 13. e4 e5 14. Be3 Rfe8 15. Rad1 a5 16. Ne2 c5 17. dxe5 Bxe5 18. Nxe5 Qxe5 19. Bf4 Qe6 20. Bxb5 Bxe4 21. Qc1 Bc6 22. Nc3 Bxb5 23. Nxb5 Nd5 24. Nd6 Nxf4 25. Qxf4 Red8 26. Rfe1 Qf6 27. Qxf6 Nxf6 28. Nc4 Rxd1 29. Rxd1 Kf8 30. Rd6 Ra7 31. Kf1 a4 32. Rc6 Nd7 33. Ke2 Ke7 34. Kd2 Nf6 35. Kc2 Nd7 36. Nd6 Ne5 37. Nf5+ Kd7 38. Rxc5 f6 39. f4 Nc6 40. Rc4 Rc7 41. Kc3 1-0

[Event "CZE Extraliga 2019-20"]
[Site "Czech Republic"]
[Date "2019.10.13"]
[Round "2"]
[White "Yemelin, Vasily"]
[Black "Bobras, Piotr"]
[Result "1/2-1/2"]
[ECO "C81"]
[WhiteElo "2546"]
[BlackElo "2483"]
[Annotator "ChessBase"]
[PlyCount "133"]
[EventDate "2019.10.12"]
[EventType "team-tourn"]
[EventCountry "CZE"]
[SourceTitle "playchess.com"]
[Source "ChessBase"]
[SourceQuality "1"]
[WhiteTeam "Lysa nad Labem"]
[BlackTeam "Poruba"]
[TimeControl "40/5400+30:1800+30"]

1. e4 e5 2. Nf3 Nc6 3. Bb5 a6 4. Ba4 Nf6 5. O-O Nxe4 6. d4 b5 7. Bb3 d5 8. dxe5 Be6 9. Qe2 Nc5 10. Rd1 Nxb3 11. axb3 Be7 12. c4 b4 13. Bf4 O-O 14. Nbd2 Qc8 15. Bg5 Bxg5 16. Nxg5 h6 17. cxd5 Bxd5 18. Qd3 hxg5 19. Qxd5 Nd8 20. Nf3 Ne6 21. Qe4 Qe8 22. Qxb4 Rb8 23. Qg4 Qe7 24. Nd4 Nxd4 25. Qxd4 Rb6 26. h3 Rfb8 27. Rd3 Re6 28. Ra5 Rb4 29. Qd8+ Qxd8 30. Rxd8+ Kh7 31. Rd7 Kg6 32. Rxc7 Rxb3 33. Rd5 f6 34. Rdd7 Rxe5 35. g4 f5 36. Rxg7+ Kh6 37. Rh7+ Kg6 38. Rhg7+ Kh6 39. Rgd7 Rb6 40. Kg2 fxg4 41. hxg4 a5 42. Rd1 Kg6 43. Rh1 Re4 44. Kg3 Rb3+ 45. f3 Rf4 46. Rf1 Rxb2 47. Rc5 Rb3 48. Rxa5 Rf6 49. Ra8 Kg7 50. Rf2 Rc3 51. Ra1 Kg6 52. Rh1 Rf7 53. Rh8 Kg7 54. Rh3 Kg6 55. Kg2 Rh7 56. Rxh7 Kxh7 57. Rd2 Kg6 58. Rd6+ Kg7 59. Kf2 Ra3 60. Ke2 Rb3 61. Rd3 Rb6 62. Rd5 Kg6 63. Kd3 Re6 64. Kd4 Rf6 65. Ke4 Rf4+ 66. Ke3 Rf6 67. Ke4 1/2-1/2

[Event "CZE Extraliga 2019-20"]
[Site "Czech Republic"]
[Date "2019.10.13"]
[Round "2"]
[White "Nasuta, Grzegorz"]
[Black "Plat, Vojtech"]
[Result "1-0"]
[ECO "B54"]
[WhiteElo "2534"]
[BlackElo "2573"]
[Annotator "ChessBase"]
[PlyCount "113"]
[EventDate "2019.10.12"]
[EventType "team-tourn"]
[EventCountry "CZE"]
[SourceTitle "playchess.com"]
[Source "ChessBase"]
[SourceQuality "1"]
[WhiteTeam "Poruba"]
[BlackTeam "Lysa nad Labem"]
[TimeControl "40/5400+30:1800+30"]

1. e4 c5 2. Nf3 e6 3. d4 cxd4 4. Nxd4 Nc6 5. Nc3 d6 6. g4 Be7 7. Be3 h6 8. Rg1 a6 9. Qf3 Bf6 10. O-O-O Nge7 11. Qg3 Nxd4 12. Bxd4 Bxd4 13. Rxd4 e5 14. Rd2 Be6 15. f4 exf4 16. Qxf4 Qb6 17. Rg3 Rd8 18. Rgd3 Qg1 19. Ne2 Ng6 20. Rxd6 Rxd6 21. Qxd6 Qxf1+ 22. Rd1 Qf6 23. Qb8+ Ke7 24. Qxb7+ Kf8 25. Qb8+ Ke7 26. Qc7+ Ke8 27. Qb8+ Ke7 28. Qc7+ Ke8 29. h3 Rf8 30. Qb8+ Ke7 31. Qa7+ Ke8 32. Qa8+ Ke7 33. Qb7+ Ke8 34. Qb8+ Ke7 35. Qd6+ Ke8 36. Qc6+ Ke7 37. Qc5+ Ke8 38. Qc6+ Ke7 39. Qc7+ Ke8 40. Kb1 Ne5 41. Nd4 g6 42. Qb8+ Ke7 43. Nc6+ Nxc6 44. Qd6+ Ke8 45. Qxc6+ Ke7 46. Qd6+ Ke8 47. b3 Qg5 48. e5 h5 49. Qc6+ Ke7 50. Qc7+ Ke8 51. Qb8+ Ke7 52. Qc7+ Ke8 53. Rd6 Rg8 54. Qb8+ Ke7 55. Qxg8 Bd7 56. Rxd7+ Kxd7 57. Qxf7+ 1-0

[Event "CZE Extraliga 2019-20"]
[Site "Czech Republic"]
[Date "2019.10.13"]
[Round "2"]
[White "Kriebel, Tadeas"]
[Black "Firt, Stanislav"]
[Result "1/2-1/2"]
[ECO "C01"]
[WhiteElo "2528"]
[BlackElo "2193"]
[Annotator "ChessBase"]
[PlyCount "109"]
[EventDate "2019.10.12"]
[EventType "team-tourn"]
[EventCountry "CZE"]
[SourceTitle "playchess.com"]
[Source "ChessBase"]
[SourceQuality "1"]
[WhiteTeam "Novoborsky"]
[BlackTeam "Ostrava"]
[TimeControl "40/5400+30:1800+30"]

1. e4 e6 2. d4 d5 3. Nc3 Bb4 4. exd5 exd5 5. Bd3 Nf6 6. Nge2 O-O 7. O-O c6 8. a3 Bd6 9. Bf4 Bg4 10. Qd2 Bh5 11. Bxd6 Qxd6 12. Qf4 Qxf4 13. Nxf4 Bg6 14. Nxg6 hxg6 15. f3 Re8 16. h4 Nbd7 17. Kf2 Nf8 18. Ne2 Ne6 19. g4 Re7 20. c3 g5 21. hxg5 Nxg5 22. Nf4 Rae8 23. Ng2 Kf8 24. Kg3 g6 25. b4 Nd7 26. a4 Nb6 27. Kh4 Nh7 28. g5 Nc8 29. Kg4 Nd6 30. Rae1 Kg7 31. Rxe7 Rxe7 32. Re1 Rxe1 33. Nxe1 f6 34. gxf6+ Kxf6 35. Ng2 Nf5 36. a5 Nf8 37. a6 bxa6 38. Bxa6 Nd7 39. Bb7 Ne7 40. Nf4 Nb6 41. Ba6 Nf5 42. Nxg6 Kxg6 43. Bd3 Na4 44. Bxf5+ Kf6 45. Bd7 Nxc3 46. Bxc6 Na2 47. b5 Nb4 48. Kf4 Ke6 49. Ke3 Nc2+ 50. Kd3 Ne1+ 51. Kc3 Nxf3 52. Be8 Kd6 53. Bh5 Ng5 54. Bg4 Kc7 55. Kb4 1/2-1/2

[Event "CZE Extraliga 2019-20"]
[Site "Czech Republic"]
[Date "2019.10.13"]
[Round "2"]
[White "Cvek, Robert"]
[Black "Oral, Tomas"]
[Result "1/2-1/2"]
[ECO "C01"]
[WhiteElo "2517"]
[BlackElo "2509"]
[Annotator "ChessBase"]
[PlyCount "32"]
[EventDate "2019.10.12"]
[EventType "team-tourn"]
[EventCountry "CZE"]
[SourceTitle "playchess.com"]
[Source "ChessBase"]
[SourceQuality "1"]
[WhiteTeam "Poruba"]
[BlackTeam "Lysa nad Labem"]
[TimeControl "40/5400+30:1800+30"]

1. Nf3 c5 2. c4 Nc6 3. Nc3 e5 4. e3 Nf6 5. Be2 d5 6. d4 exd4 7. exd4 cxd4 8. Nxd4 Be7 9. O-O O-O 10. Be3 Nxd4 11. Qxd4 dxc4 12. Qxc4 Be6 13. Qb5 Nd5 14. Nxd5 Qxd5 15. Qxd5 Bxd5 16. Rfd1 Rfd8 1/2-1/2

[Event "CZE Extraliga 2019-20"]
[Site "Czech Republic"]
[Date "2019.10.13"]
[Round "2"]
[White "Jansa, Vlastimil"]
[Black "Biolek, Richard Jr."]
[Result "1/2-1/2"]
[ECO "B70"]
[WhiteElo "2452"]
[BlackElo "2454"]
[Annotator "ChessBase"]
[PlyCount "69"]
[EventDate "2019.10.12"]
[EventType "team-tourn"]
[EventCountry "CZE"]
[SourceTitle "playchess.com"]
[Source "ChessBase"]
[SourceQuality "1"]
[WhiteTeam "Lysa nad Labem"]
[BlackTeam "Poruba"]
[TimeControl "40/5400+30:1800+30"]

1. e4 c5 2. Nf3 d6 3. d4 cxd4 4. Nxd4 Nf6 5. Nc3 g6 6. Bc4 Bg7 7. O-O O-O 8. Re1 Nc6 9. Bb3 Bg4 10. Qd3 Nxd4 11. Qxd4 Nd7 12. Qd3 Nc5 13. Qg3 Be6 14. Qh4 Rc8 15. Bh6 Bxc3 16. bxc3 Re8 17. Bd2 f6 18. Re3 Rf8 19. Rae1 Nxb3 20. axb3 g5 21. Qg3 Kh8 22. Rd3 Qa5 23. c4 Qe5 24. Qe3 Qc5 25. Qe2 a6 26. Bc3 b5 27. Bd4 Qc6 28. cxb5 axb5 29. Rc3 Qd7 30. Rg3 g4 31. b4 Ra8 32. Qd2 Bc4 33. h3 Rg8 34. hxg4 Rxg4 35. Rxg4 1/2-1/2

[Event "CZE Extraliga 2019-20"]
[Site "Czech Republic"]
[Date "2019.10.13"]
[Round "2"]
[White "Kislinsky, Alexey"]
[Black "Bures, Jaroslav"]
[Result "1-0"]
[ECO "B13"]
[WhiteElo "2442"]
[BlackElo "2388"]
[Annotator "ChessBase"]
[PlyCount "133"]
[EventDate "2019.10.12"]
[EventType "team-tourn"]
[EventCountry "CZE"]
[SourceTitle "playchess.com"]
[Source "ChessBase"]
[SourceQuality "1"]
[WhiteTeam "Lysa nad Labem"]
[BlackTeam "Poruba"]
[TimeControl "40/5400+30:1800+30"]

1. e4 c6 2. d4 d5 3. exd5 cxd5 4. c4 Nf6 5. Nc3 Nc6 6. Bg5 dxc4 7. d5 Ne5 8. Nf3 Bg4 9. Bxc4 Nxc4 10. Qa4+ Qd7 11. Qxc4 Bxf3 12. gxf3 Rc8 13. Qd4 h6 14. Bxf6 exf6 15. O-O-O Bc5 16. Rhe1+ Kd8 17. Qd3 Bd6 18. Kb1 Kc7 19. Rg1 g6 20. h4 Kb8 21. h5 g5 22. Ne4 Be5 23. Ng3 Rhd8 24. Nf5 Rc5 25. Ne3 Qh3 26. Qe4 Qxh5 27. Rh1 Qg6 28. Qxg6 fxg6 29. Rxh6 Rg8 30. d6 Kc8 31. Nd5 Rd8 32. d7+ Kb8 33. Rh7 Rc6 34. Ne7 Rd6 35. Rxd6 Bxd6 36. Nd5 f5 37. Rg7 b6 38. b4 Kb7 39. b5 Bc5 40. Kc2 Bxf2 41. Kd3 Bc5 42. a4 Ba3 43. Rf7 Bb2 44. Kc4 Ba1 45. Re7 Bb2 46. Rh7 Ba1 47. Kd3 Bb2 48. Kc2 Ba3 49. Nf6 Bd6 50. Kd3 Be5 51. Ne8 g4 52. fxg4 fxg4 53. Ke4 g3 54. Kf3 Bc7 55. Kg2 Bb8 56. Re7 Bc7 57. Ng7 Rb8 58. Ne6 Bd8 59. Re8 Bf6 60. Kxg3 Ra8 61. Kg4 a5 62. Rxa8 Kxa8 63. d8=Q+ Bxd8 64. Nxd8 Kb8 65. Ne6 Kc8 66. Nf4 Kd7 67. Nd5 1-0

[Event "CZE Extraliga 2019-20"]
[Site "Czech Republic"]
[Date "2019.10.13"]
[Round "2"]
[White "Kanovsky, David"]
[Black "Rogozenco, Dorian"]
[Result "1/2-1/2"]
[ECO "B33"]
[WhiteElo "2424"]
[BlackElo "2491"]
[Annotator "ChessBase"]
[PlyCount "79"]
[EventDate "2019.10.12"]
[EventType "team-tourn"]
[EventCountry "CZE"]
[SourceTitle "playchess.com"]
[Source "ChessBase"]
[SourceQuality "1"]
[WhiteTeam "Poruba"]
[BlackTeam "Lysa nad Labem"]
[TimeControl "40/5400+30:1800+30"]

1. e4 c5 2. Nf3 Nc6 3. d4 cxd4 4. Nxd4 Nf6 5. Nc3 e5 6. Ndb5 d6 7. Nd5 Nxd5 8. exd5 Nb8 9. a4 Be7 10. Be2 O-O 11. O-O Nd7 12. Kh1 f5 13. f4 a6 14. Na3 exf4 15. Bxf4 Nc5 16. Nc4 a5 17. c3 b6 18. Be3 Rb8 19. Na3 Bg5 20. Bg1 Rf6 21. Nb5 Rh6 22. Nd4 Ne4 23. Rf3 Bf4 24. Bd3 Ng3+ 25. Rxg3 Bxg3 26. Bxf5 Qg5 27. Qd3 g6 28. Bxc8 Rxc8 29. Rf1 Qg4 30. Qe3 Rh5 31. Qe7 Be5 32. Ne6 Rf5 33. h3 Qh5 34. Rxf5 Qxf5 35. Ng5 Bg7 36. Bd4 Qf1+ 37. Kh2 Qf4+ 38. Kh1 Qf1+ 39. Kh2 Qf4+ 40. Kh1 1/2-1/2

[Event "CZE Extraliga 2019-20"]
[Site "Czech Republic"]
[Date "2019.10.13"]
[Round "2"]
[White "Klima, Lukas"]
[Black "Priehoda, Vitezslav"]
[Result "1/2-1/2"]
[ECO "B80"]
[WhiteElo "2334"]
[BlackElo "2344"]
[Annotator "ChessBase"]
[PlyCount "23"]
[EventDate "2019.10.12"]
[EventType "team-tourn"]
[EventCountry "CZE"]
[SourceTitle "playchess.com"]
[Source "ChessBase"]
[SourceQuality "1"]
[WhiteTeam "Poruba"]
[BlackTeam "Lysa nad Labem"]
[TimeControl "40/5400+30:1800+30"]

1. e4 c5 2. Nf3 e6 3. d4 cxd4 4. Nxd4 Nc6 5. Nc3 Qc7 6. g3 a6 7. Bg2 Nf6 8. O-O d6 9. Nxc6 bxc6 10. Na4 e5 11. c4 Be7 12. c5 1/2-1/2

[Event "CZE Extraliga 2019-20"]
[Site "Czech Republic"]
[Date "2019.10.13"]
[Round "2"]
[White "Koziol, Kamil"]
[Black "Bartel, Mateusz"]
[Result "0-1"]
[ECO "B12"]
[WhiteElo "2283"]
[BlackElo "2635"]
[Annotator "RC"]
[PlyCount "68"]
[EventDate "2019.10.12"]
[EventType "team-tourn"]
[EventCountry "CZE"]
[SourceTitle "playchess.com"]
[Source "ChessBase"]
[SourceQuality "1"]
[WhiteTeam "Ostrava"]
[BlackTeam "Novoborsky"]
[TimeControl "40/5400+30:1800+30"]

1. e4 c6 2. d4 d5 3. e5 Bf5 4. Nf3 e6 5. Be2 Ne7 6. O-O Ng6 7. Be3 Nd7 8. Ne1 h5 9. Nd2 Ndxe5 10. dxe5 d4 11. Nc4 dxe3 12. Nxe3 Be4 13. Bf3 Bxf3 14. Nxf3 Qa5 15. Qd4 Rd8 16. Qe4 Be7 17. a3 O-O 18. h4 Rd7 19. g3 Rfd8 20. Kg2 Qb5 21. b4 c5 22. Rab1 Rd4 23. Nxd4 Rxd4 24. Qf3 Nxe5 25. Qxh5 Qc6+ 26. f3 Bf6 27. Rf2 g6 28. Qh6 Bg7 29. Qg5 f6 30. Qf4 Rxf4 31. gxf4 Nf7 32. bxc5 Qxc5 33. Rb3 f5 34. Rd2 Bh6 0-1

[Event "CZE Extraliga 2019-20"]
[Site "Czech Republic"]
[Date "2019.10.13"]
[Round "2"]
[White "Walek, Petr"]
[Black "Babula, Vlastimil"]
[Result "0-1"]
[ECO "B82"]
[WhiteElo "2263"]
[BlackElo "2559"]
[Annotator "ChessBase"]
[PlyCount "92"]
[EventDate "2019.10.12"]
[EventType "team-tourn"]
[EventCountry "CZE"]
[SourceTitle "playchess.com"]
[Source "ChessBase"]
[SourceQuality "1"]
[WhiteTeam "Ostrava"]
[BlackTeam "Novoborsky"]
[TimeControl "40/5400+30:1800+30"]

1. e4 c5 2. Nf3 e6 3. d4 cxd4 4. Nxd4 Nc6 5. Nc3 Qc7 6. f4 a6 7. Be3 b5 8. Nb3 d6 9. Bd3 Nf6 10. Qf3 Bb7 11. O-O-O Rc8 12. Kb1 Be7 13. g4 Nd7 14. Qf2 O-O 15. g5 Nb4 16. Rhg1 Rfe8 17. Rg3 g6 18. h4 Nc5 19. Nxc5 dxc5 20. Bf1 Red8 21. Rxd8+ Rxd8 22. h5 Bf8 23. hxg6 fxg6 24. Bh3 Qe7 25. f5 exf5 26. exf5 Nd5 27. Nxd5 Bxd5 28. Bc1 Qf7 29. b3 c4 30. Qe2 Re8 31. Qf1 Be4 32. f6 cxb3 33. axb3 Qc7 34. Rd3 Bxd3 35. Qxd3 Rd8 36. Be6+ Kh8 37. Qe4 Rd1 38. Bg4 Rg1 39. Qd4 Qc5 40. Qd7 Rxc1+ 41. Kxc1 Qxg5+ 42. Kd1 Qxf6 43. Be6 h5 44. Qc8 Kh7 45. Qxa6 Qf1+ 46. Kd2 Bh6+ 0-1

[Event "CZE Extraliga 2019-20"]
[Site "Czech Republic"]
[Date "2019.10.13"]
[Round "2.1"]
[White "Azarov, Sergei"]
[Black "Kraus, Tomas"]
[Result "1/2-1/2"]
[ECO "C42"]
[WhiteElo "2586"]
[BlackElo "2475"]
[Annotator "ChessBase"]
[PlyCount "34"]
[EventDate "2019.09.15"]
[EventType "team-tourn"]
[EventCountry "CZE"]
[SourceTitle "playchess.com"]
[Source "ChessBase"]
[SourceQuality "1"]
[WhiteTeam "BŠŠ Frýdek-Místek"]
[BlackTeam "ŠK Zikuda Turnov"]
[TimeControl "40/5400+30:1800+30"]

1. e4 e5 2. Nf3 Nf6 3. Nxe5 d6 4. Nf3 Nxe4 5. d4 d5 6. Bd3 Bd6 7. O-O O-O 8. c4 c6 9. Qc2 Na6 10. a3 Bg4 11. Ne5 Bxe5 12. dxe5 Nac5 13. f3 Nxd3 14. Qxd3 Nc5 15. Qd4 Nb3 16. Qxg4 Nxa1 17. Bh6 g6 1/2-1/2

[Event "CZE Extraliga 2019-20"]
[Site "Czech Republic"]
[Date "2019.10.13"]
[Round "2.1"]
[White "Stohl, Igor"]
[Black "DUR3 Shengelia David GM"]
[Result "1/2-1/2"]
[ECO "D11"]
[WhiteElo "2487"]
[BlackElo "2531"]
[Annotator "RC"]
[PlyCount "23"]
[EventDate "2019.09.15"]
[EventType "team-tourn"]
[EventCountry "CZE"]
[SourceTitle "playchess.com"]
[Source "ChessBase"]
[SourceQuality "1"]
[TimeControl "40/5400+30:1800+30"]

1. Nf3 Nf6 2. c4 c6 3. d4 d5 4. e3 Bg4 5. h3 Bxf3 6. Qxf3 e6 7. Nc3 Bb4 8. Bd2 Nbd7 9. Bd3 O-O 10. O-O Re8 11. a3 Bxc3 12. Bxc3 1/2-1/2

[Event "CZE Extraliga 2019-20"]
[Site "Czech Republic"]
[Date "2019.10.13"]
[Round "2.1"]
[White "Cernousek, Lukas"]
[Black "Balogh, Csaba"]
[Result "1/2-1/2"]
[ECO "C47"]
[WhiteElo "2458"]
[BlackElo "2587"]
[Annotator "RC"]
[PlyCount "31"]
[EventDate "2019.09.15"]
[EventType "team-tourn"]
[EventCountry "CZE"]
[SourceTitle "playchess.com"]
[Source "ChessBase"]
[SourceQuality "1"]
[TimeControl "40/5400+30:1800+30"]

1. e4 e5 2. Nf3 Nc6 3. Nc3 Nf6 4. d4 exd4 5. Nxd4 Bb4 6. Nxc6 bxc6 7. Bd3 O-O 8. O-O d5 9. exd5 cxd5 10. Bg5 c6 11. Qf3 h6 12. Bxf6 Qxf6 13. Qxf6 gxf6 14. Ne2 Bd6 15. Nd4 c5 16. Nf5 1/2-1/2

[Event "CZE Extraliga 2019-20"]
[Site "Czech Republic"]
[Date "2019.10.13"]
[Round "2.2"]
[White "Hracek, Zbynek"]
[Black "Kozak, Adam"]
[Result "1/2-1/2"]
[ECO "C67"]
[WhiteElo "2572"]
[BlackElo "2512"]
[Annotator "ChessBase"]
[PlyCount "31"]
[EventDate "2019.09.15"]
[EventType "team-tourn"]
[EventCountry "CZE"]
[SourceTitle "playchess.com"]
[Source "ChessBase"]
[SourceQuality "1"]
[WhiteTeam "GASCO Pardubice"]
[BlackTeam "Slavia Kromerí\[#\]"]
[TimeControl "40/5400+30:1800+30"]

1. e4 e5 2. Nf3 Nc6 3. Bb5 Nf6 4. O-O Nxe4 5. d4 Nd6 6. Bxc6 dxc6 7. dxe5 Nf5 8. Qxd8+ Kxd8 9. h3 Be7 10. Nc3 Bd7 11. Rd1 Kc8 12. b3 h6 13. Bb2 a5 14. a4 b6 15. Rd2 Bb4 16. Rad1 1/2-1/2

[Event "CZE Extraliga 2019-20"]
[Site "Czech Republic"]
[Date "2019.10.13"]
[Round "2.2"]
[White "Stocek, Jiri"]
[Black "Druska, Juraj"]
[Result "1/2-1/2"]
[ECO "A46"]
[WhiteElo "2569"]
[BlackElo "2472"]
[Annotator "ChessBase"]
[PlyCount "80"]
[EventDate "2019.09.15"]
[EventType "team-tourn"]
[EventCountry "CZE"]
[SourceTitle "playchess.com"]
[Source "ChessBase"]
[SourceQuality "1"]
[WhiteTeam "Moravská Slavia Brno"]
[BlackTeam "Siesta Solution Unichess"]
[TimeControl "40/5400+30:1800+30"]

1. d4 Nf6 2. Nf3 e6 3. Bf4 c5 4. e3 Nc6 5. Nbd2 d5 6. c3 Bd6 7. Bg3 O-O 8. Bd3 b6 9. Qe2 Bb7 10. Rd1 Rc8 11. e4 Be7 12. exd5 exd5 13. Bf5 cxd4 14. Nxd4 Nxd4 15. cxd4 Rc6 16. O-O g6 17. Bd3 Re6 18. Be5 Nd7 19. f4 Rc6 20. Rc1 Nxe5 21. fxe5 Qc7 22. Rce1 Bc8 23. Qe3 b5 24. Nf3 b4 25. Rf2 Ba6 26. Bxa6 Rxa6 27. Rc1 Rc6 28. Rcf1 Rc2 29. h4 Rxf2 30. Rxf2 Rc8 31. Rf1 Qd7 32. Ng5 Bxg5 33. Qxg5 h5 34. Rf2 Rc4 35. Qf4 a5 36. b3 Rc6 37. Kh2 Kg7 38. Qg5 Kg8 39. Qf4 Kg7 40. Qg5 Kg8 1/2-1/2

[Event "CZE Extraliga 2019-20"]
[Site "Czech Republic"]
[Date "2019.10.13"]
[Round "2.2"]
[White "Ponizil, Cyril"]
[Black "Pulpan, Jakub"]
[Result "1/2-1/2"]
[ECO "C65"]
[WhiteElo "2504"]
[BlackElo "2421"]
[Annotator "ChessBase"]
[PlyCount "91"]
[EventDate "2019.09.15"]
[EventType "team-tourn"]
[EventCountry "CZE"]
[SourceTitle "playchess.com"]
[Source "ChessBase"]
[SourceQuality "1"]
[WhiteTeam "ŠK Duras BVK"]
[BlackTeam "ŠK Dopravní podnik Praha"]
[TimeControl "40/5400+30:1800+30"]

1. e4 e5 2. Nf3 Nc6 3. Bb5 Nf6 4. d3 Bc5 5. O-O Nd4 6. Nxd4 Bxd4 7. Nd2 c6 8. Ba4 d6 9. c3 Bb6 10. Bc2 h6 11. Nc4 Bc7 12. f4 exf4 13. Bxf4 O-O 14. Ne3 Re8 15. Qf3 d5 16. Bxc7 Qxc7 17. exd5 cxd5 18. d4 Be6 19. Rae1 b5 20. Qd1 Ne4 21. Bxe4 dxe4 22. d5 Bd7 23. d6 Qb6 24. Rf2 Be6 25. Nd5 Bxd5 26. Qxd5 Rad8 27. Qxf7+ Kh8 28. Qc7 Qxd6 29. Qxd6 Rxd6 30. Rfe2 e3 31. g3 Kh7 32. Kg2 a5 33. Rc1 Rd5 34. Rf1 Kg6 35. Rf4 Rd1 36. a4 bxa4 37. Rxa4 Re5 38. Rf4 Rb1 39. Ra4 Rd1 40. h4 h5 41. b4 axb4 42. Rxb4 Rc1 43. Rc4 Kf5 44. Rf4+ Kg6 45. Rc4 Kf5 46. Rf4+ 1/2-1/2

[Event "CZE Extraliga 2019-20"]
[Site "Czech Republic"]
[Date "2019.10.13"]
[Round "2.2"]
[White "Kantans, Toms"]
[Black "Zhigalko, Andrey"]
[Result "1-0"]
[ECO "B99"]
[WhiteElo "2490"]
[BlackElo "2543"]
[Annotator "ChessBase"]
[PlyCount "85"]
[EventDate "2019.09.15"]
[EventType "team-tourn"]
[EventCountry "CZE"]
[SourceTitle "playchess.com"]
[Source "ChessBase"]
[SourceQuality "1"]
[WhiteTeam " ŠK Zikuda Turnov"]
[BlackTeam "BŠŠ Frýdek-Místek"]
[TimeControl "40/5400+30:1800+30"]

1. e4 c5 2. Nf3 d6 3. d4 cxd4 4. Nxd4 Nf6 5. Nc3 a6 6. Bg5 e6 7. f4 Be7 8. Qf3 Qc7 9. O-O-O Nbd7 10. g4 b5 11. Bxf6 Nxf6 12. g5 Nd7 13. f5 O-O 14. Rg1 b4 15. Nce2 e5 16. f6 exd4 17. fxe7 Re8 18. Nxd4 Ne5 19. Qb3 a5 20. Rg3 Rxe7 21. Nb5 Qc5 22. Qd5 Qxd5 23. exd5 Bg4 24. Rd4 Rd8 25. c3 Bh5 26. Re3 bxc3 27. Nxc3 Rc7 28. Rh4 Bg6 29. b3 Rf8 30. Rf4 Nd3+ 31. Bxd3 Rxc3+ 32. Kd2 Rc5 33. Bc4 Rfc8 34. Re7 R5c7 35. Rxc7 Rxc7 36. Kc3 Kf8 37. b4 axb4+ 38. Kxb4 Ke7 39. a4 Kd8 40. Kb5 Ra7 41. a5 Kc7 42. a6 Ra8 43. Ka5 1-0

[Event "CZE Extraliga 2019-20"]
[Site "Czech Republic"]
[Date "2019.10.13"]
[Round "2.3"]
[White "Markos, Jan"]
[Black "Shevchenko, Kirill"]
[Result "1/2-1/2"]
[ECO "E18"]
[WhiteElo "2572"]
[BlackElo "2541"]
[Annotator "ChessBase"]
[PlyCount "60"]
[EventDate "2019.09.15"]
[EventType "team-tourn"]
[EventCountry "CZE"]
[SourceTitle "playchess.com"]
[Source "ChessBase"]
[SourceQuality "1"]
[WhiteTeam "Slavia Kromerí\[#\]"]
[BlackTeam "GASCO Pardubice"]
[TimeControl "40/5400+30:1800+30"]

1. d4 Nf6 2. c4 e6 3. Nf3 b6 4. g3 Bb7 5. Bg2 Be7 6. O-O O-O 7. Nc3 Ne4 8. Bd2 Bf6 9. Ne5 Nxc3 10. Bxc3 Bxg2 11. Kxg2 c5 12. dxc5 bxc5 13. Qd6 Be7 14. Qd3 Qc7 15. Qf3 f6 16. Qxa8 Nc6 17. Qxf8+ Bxf8 18. Nxc6 Qxc6+ 19. f3 Qa6 20. b3 d5 21. Rfc1 dxc4 22. bxc4 Qxc4 23. Rc2 Qa6 24. Be1 e5 25. a4 c4 26. a5 Qb5 27. a6 Bc5 28. Rac1 Ba3 29. Ra1 Bc5 30. Rac1 Ba3 1/2-1/2

[Event "CZE Extraliga 2019-20"]
[Site "Czech Republic"]
[Date "2019.10.13"]
[Round "2.3"]
[White "Fedorov, Alexei"]
[Black "Cyborowski, Lukasz"]
[Result "1/2-1/2"]
[ECO "C24"]
[WhiteElo "2551"]
[BlackElo "2509"]
[Annotator "ChessBase"]
[PlyCount "33"]
[EventDate "2019.09.15"]
[EventType "team-tourn"]
[EventCountry "CZE"]
[SourceTitle "playchess.com"]
[Source "ChessBase"]
[SourceQuality "1"]
[WhiteTeam "BŠŠ Frýdek-Místek "]
[BlackTeam "ŠK Zikuda Turnov"]
[TimeControl "40/5400+30:1800+30"]

1. e4 e5 2. Bc4 Nf6 3. d3 c6 4. Nf3 d6 5. O-O Be7 6. c3 O-O 7. Bb3 Re8 8. Nbd2 Bf8 9. Re1 Be6 10. Bc2 Nbd7 11. Nf1 h6 12. Ng3 d5 13. d4 dxe4 14. Nxe5 Nxe5 15. dxe5 Qxd1 16. Rxd1 Ng4 17. Nxe4 1/2-1/2